General information
- name: BNet
- type: Ladder team game (AT/RT)
- host: Battle.net
- saver: WAITFORMENIG
map: Battleground
- players: 8
- length: 47:57
- speed: Fast
- version: 1.26 W3XP
- replay type: Public
» download(240 KB)
Players
team 1 (winner)
Bnets-Pimp (
yellow | 29 APM | 423 actions | 14:34)
2 Mountain King
1 Storm Bolt
1 Bash
» actions
| Assign group hotkey | 8 | |
| Build / train | 49 | |
| Enter build submenu | 21 | |
| Enter hero's abilities submenu | 2 | |
| Remove unit from queue | 1 | |
| Right click | 137 | |
| Select / deselect | 162 | |
| Select group hotkey | 7 | |
| Use ability | 36 | |
423 total
» units
» upgrades
| Swords | 2 | |
| Defend | 1 | |
| Plating | 2 | |
| Lumber Harvesting | 1 | |
| Animal War Training | 1 | |
| Masonry | 1 | |
8 total
» buildings
| Altar of Kings | 1 | |
| Farm | 10 | |
| Barracks | 2 | |
| Blacksmith | 1 | |
| Keep | 1 | |
| Scout Tower | 5 | |
| Castle | 1 | |
| Lumber Mill | 1 | |
| Arcane Tower | 1 | |
| Guard Tower | 3 | |
26 total
» build order
00:24 Altar of Kings
00:28 Farm
00:38 Barracks
01:07 Farm
01:45 Farm
02:52 Farm
03:04 Blacksmith
03:44 Keep
04:46 Farm
05:34 Farm
05:38 Scout Tower
06:30 Castle
06:53 Lumber Mill
06:59 Arcane Tower
07:05 Scout Tower
07:25 Farm
07:37 Scout Tower
08:27 Guard Tower
08:31 Farm
08:34 Scout Tower
08:45 Barracks
09:08 Guard Tower
09:13 Farm
10:16 Scout Tower
10:21 Farm
12:21 Guard Tower

»
ScottAnderson- (
teal | 31 APM | 416 actions | 13:15)
3 Pit Lord
2 Cleaving Attack
1 Howl of Terror
1 Dark Ranger
1 Black Arrow
» actions
| Assign group hotkey | 10 | |
| Basic commands | 6 | |
| Build / train | 47 | |
| ESC pressed | 2 | |
| Enter build submenu | 13 | |
| Enter hero's abilities submenu | 4 | |
| Right click | 108 | |
| Select / deselect | 175 | |
| Select group hotkey | 27 | |
| Use ability | 24 | |
416 total
» units
| Wisp | 12 | |
| Huntress | 12 | |
| Dryad | 6 | |
| Druid of the Talon | 4 | |
34 total
» upgrades
| Strength of the Wild | 2 | |
| Reinforced Hides | 1 | |
| Abolish Magic | 1 | |
| Druid of the Talon Training | 1 | |
5 total
» buildings
| Hunter's Hall | 1 | |
| Moon Well | 7 | |
| Altar of Elders | 1 | |
| Ancient of War | 1 | |
| Ancient of Wonders | 1 | |
| Tree of Ages | 1 | |
| Ancient of Lore | 1 | |
| Ancient of Wind | 1 | |
14 total
» build order
00:17 Hunter's Hall
00:30 Moon Well
01:13 Altar of Elders
01:36 Ancient of War
02:02 Moon Well
02:14 Ancient of Wonders
03:51 Tree of Ages
04:25 Moon Well
05:08 Moon Well
06:49 Ancient of Lore
06:53 Ancient of Wind
11:18 Moon Well
11:25 Moon Well
11:30 Moon Well
» items
WAITFORMENIG (
blue | 62 APM | 2994 actions | 47:57)
8 Archmage
2 Summon Water Elemental
3 Brilliance Aura
2 Blizzard
1 Mass Teleport
5 Blood Mage
3 Flame Strike
2 Banish
» actions
| Assign group hotkey | 49 | |
| Basic commands | 45 | |
| Build / train | 150 | |
| ESC pressed | 4 | |
| Enter build submenu | 55 | |
| Enter hero's abilities submenu | 13 | |
| Give item / drop item | 6 | |
| Right click | 1177 | |
| Select / deselect | 634 | |
| Select group hotkey | 707 | |
| Use ability | 154 | |
2994 total
» units
| Peasant | 25 | |
| Footman | 9 | |
| Gryphon Rider | 4 | |
| Dragonhawk Rider | 11 | |
49 total
» upgrades
| Masonry | 3 | |
| Defend | 1 | |
| Lumber Harvesting | 2 | |
| Swords | 3 | |
| Armor | 4 | |
| Animal War Training | 1 | |
| Storm Hammers | 1 | |
| Cloud | 1 | |
| Backpack | 1 | |
| Magic Sentry | 1 | |
| Sorceress Training | 2 | |
| Priest Training | 2 | |
| Control Magic | 1 | |
| Plating | 3 | |
| Gunpowder | 3 | |
| Long Rifles | 1 | |
| Barrage | 1 | |
| Flak Cannons | 1 | |
| Flying Machine Bombs | 1 | |
| Fragmentation Shards | 1 | |
| Flare | 1 | |
35 total
» buildings
| Altar of Kings | 1 | |
| Farm | 10 | |
| Barracks | 1 | |
| Lumber Mill | 1 | |
| Scout Tower | 20 | |
| Arcane Tower | 1 | |
| Arcane Vault | 2 | |
| Keep | 4 | |
| Town Hall | 5 | |
| Guard Tower | 21 | |
| Blacksmith | 1 | |
| Castle | 1 | |
| Gryphon Aviary | 5 | |
| Arcane Sanctum | 1 | |
| Workshop | 3 | |
77 total
» build order
00:04 Altar of Kings
00:11 Farm
00:25 Barracks
01:13 Farm
01:31 Lumber Mill
01:46 Scout Tower
02:24 Arcane Tower
02:33 Farm
02:49 Arcane Vault
04:16 Farm
04:31 Farm
04:46 Keep
04:46 Keep
04:47 Keep
06:01 Town Hall
06:04 Scout Tower
06:05 Scout Tower
06:15 Scout Tower
06:18 Scout Tower
06:36 Guard Tower
06:54 Guard Tower
07:00 Scout Tower
07:04 Scout Tower
07:19 Guard Tower
07:28 Guard Tower
07:45 Guard Tower
08:21 Scout Tower
08:24 Scout Tower
08:34 Scout Tower
08:37 Scout Tower
08:49 Scout Tower
08:52 Scout Tower
09:02 Scout Tower
09:14 Guard Tower
09:23 Guard Tower
09:30 Guard Tower
09:45 Guard Tower
09:47 Guard Tower
09:55 Guard Tower
09:55 Guard Tower
09:55 Guard Tower
10:07 Guard Tower
10:21 Blacksmith
11:04 Castle
11:11 Scout Tower
11:14 Scout Tower
11:22 Scout Tower
11:36 Scout Tower
11:41 Guard Tower
11:55 Guard Tower
12:02 Gryphon Aviary
12:08 Gryphon Aviary
12:17 Guard Tower
12:39 Scout Tower
14:05 Guard Tower
15:53 Farm
15:55 Farm
15:57 Farm
16:02 Farm
16:02 Farm
21:47 Arcane Vault
22:59 Town Hall
26:21 Town Hall
26:53 Arcane Sanctum
28:20 Town Hall
34:03 Workshop
34:11 Workshop
34:14 Workshop
34:28 Gryphon Aviary
34:38 Gryphon Aviary
34:45 Gryphon Aviary
34:51 Scout Tower
35:56 Town Hall
36:33 Guard Tower
» items
| Periapt of Vitality | 1 | |
| Scroll of Regeneration | 7 | |
| Staff of Teleportation | 1 | |
| Potion of Lesser Invulnerability | 1 | |
| Tome of Retraining | 1 | |
| Orb of Fire | 1 | |
| Potion of Healing | 1 | |
| Mechanical Critter | 3 | |
16 total

»
E-L-V-N-HATE375 (
pink | 24 APM | 199 actions | 08:22)
2 Archmage
1 Summon Water Elemental
1 Brilliance Aura
» actions
| Basic commands | 2 | |
| Build / train | 27 | |
| Enter build submenu | 9 | |
| Enter hero's abilities submenu | 2 | |
| Right click | 48 | |
| Select / deselect | 98 | |
| Use ability | 13 | |
199 total
» units
» buildings
| Altar of Kings | 1 | |
| Farm | 5 | |
| Barracks | 1 | |
| Lumber Mill | 1 | |
| Keep | 1 | |
| Blacksmith | 1 | |
| Castle | 1 | |
11 total
» build order
00:22 Altar of Kings
00:38 Farm
00:54 Barracks
01:20 Farm
01:57 Lumber Mill
02:04 Farm
02:43 Farm
03:14 Keep
03:28 Farm
04:43 Blacksmith
05:38 Castle
team 2 (loser)

»
ATM_PLZ (
red | 85 APM | 4067 actions | 47:56)
5 Archmage
3 Summon Water Elemental
2 Brilliance Aura
4 Mountain King
2 Storm Bolt
2 Bash
1 Paladin
1 Holy Light
» actions
| Assign group hotkey | 61 | |
| Basic commands | 263 | |
| Build / train | 121 | |
| ESC pressed | 7 | |
| Enter build submenu | 54 | |
| Enter hero's abilities submenu | 10 | |
| Give item / drop item | 7 | |
| Right click | 2274 | |
| Select / deselect | 506 | |
| Select group hotkey | 607 | |
| Use ability | 157 | |
4067 total
» units
| Peasant | 11 | |
| Footman | 6 | |
| Rifleman | 8 | |
| Priest | 2 | |
| Mortar Team | 5 | |
| Siege Engine | 2 | |
34 total
» upgrades
| Long Rifles | 1 | |
| Magic Sentry | 1 | |
| Priest Training | 2 | |
| Fragmentation Shards | 1 | |
| Masonry | 3 | |
8 total
» buildings
| Barracks | 2 | |
| Farm | 11 | |
| Altar of Kings | 2 | |
| Lumber Mill | 1 | |
| Scout Tower | 33 | |
| Arcane Vault | 1 | |
| Guard Tower | 42 | |
| Arcane Tower | 2 | |
| Keep | 2 | |
| Blacksmith | 1 | |
| Workshop | 1 | |
| Arcane Sanctum | 1 | |
| Castle | 3 | |
102 total
» build order
00:25 Barracks
00:36 Farm
00:41 Farm
00:44 Altar of Kings
01:27 Farm
01:42 Lumber Mill
01:54 Farm
02:27 Scout Tower
02:38 Arcane Vault
02:44 Scout Tower
02:58 Scout Tower
03:17 Guard Tower
03:19 Farm
03:48 Arcane Tower
04:07 Farm
04:20 Keep
04:20 Keep
04:27 Arcane Tower
04:52 Blacksmith
06:34 Farm
07:13 Workshop
07:15 Arcane Sanctum
07:45 Barracks
07:55 Scout Tower
09:38 Castle
09:38 Castle
10:07 Farm
10:11 Farm
10:41 Guard Tower
14:38 Farm
14:39 Farm
20:36 Altar of Kings
21:08 Scout Tower
21:09 Scout Tower
21:11 Scout Tower
24:33 Guard Tower
24:34 Guard Tower
24:35 Scout Tower
24:41 Scout Tower
24:42 Scout Tower
25:01 Guard Tower
25:02 Guard Tower
25:03 Scout Tower
25:05 Scout Tower
25:06 Scout Tower
25:07 Guard Tower
25:08 Guard Tower
25:13 Scout Tower
25:34 Scout Tower
25:36 Guard Tower
25:36 Guard Tower
25:36 Guard Tower
25:39 Scout Tower
25:47 Guard Tower
25:47 Guard Tower
25:56 Scout Tower
26:11 Guard Tower
26:11 Guard Tower
26:14 Scout Tower
26:17 Scout Tower
26:26 Guard Tower
26:26 Guard Tower
26:44 Guard Tower
26:44 Guard Tower
26:44 Guard Tower
26:52 Scout Tower
28:14 Guard Tower
28:14 Guard Tower
28:26 Scout Tower
28:37 Scout Tower
28:44 Scout Tower
29:08 Guard Tower
29:08 Guard Tower
29:11 Scout Tower
29:12 Guard Tower
29:13 Guard Tower
29:23 Guard Tower
29:23 Guard Tower
29:28 Scout Tower
29:29 Scout Tower
29:30 Scout Tower
29:32 Scout Tower
29:34 Scout Tower
29:37 Guard Tower
29:37 Guard Tower
29:40 Scout Tower
29:42 Scout Tower
29:51 Scout Tower
30:04 Guard Tower
30:18 Guard Tower
30:18 Guard Tower
31:35 Scout Tower
31:38 Guard Tower
31:38 Guard Tower
32:05 Guard Tower
32:05 Guard Tower
» items
| Scroll of Regeneration | 2 | |
| Mechanical Critter | 3 | |
| Boots of Speed | 2 | |
| Staff of Sanctuary | 1 | |
| Orb of Fire | 1 | |
| Potion of Lesser Invulnerability | 1 | |
| Staff of Teleportation | 1 | |
| Periapt of Vitality | 1 | |
12 total

»
LionHeartM (
green | 23 APM | 876 actions | 38:45)
5 Priestess of the Moon
3 Trueshot Aura
1 Scout
1 Searing Arrows
» actions
| Assign group hotkey | 1 | |
| Basic commands | 19 | |
| Build / train | 79 | |
| Enter build submenu | 12 | |
| Enter hero's abilities submenu | 5 | |
| Right click | 419 | |
| Select / deselect | 293 | |
| Select group hotkey | 2 | |
| Use ability | 46 | |
876 total
» units
| Wisp | 14 | |
| Archer | 26 | |
| Hippogryph | 18 | |
58 total
» upgrades
| Improved Bows | 1 | |
| Strength of the Moon | 2 | |
| Strength of the Wild | 2 | |
| Moon Armor | 2 | |
| Reinforced Hides | 2 | |
| Hippogryph Taming | 1 | |
10 total
» buildings
| Altar of Elders | 1 | |
| Ancient of War | 2 | |
| Moon Well | 5 | |
| Tree of Ages | 3 | |
| Hunter's Hall | 1 | |
| Ancient of Wind | 2 | |
| Tree of Life | 1 | |
15 total
» build order
00:52 Altar of Elders
00:56 Ancient of War
01:11 Moon Well
02:02 Moon Well
02:36 Moon Well
03:06 Ancient of War
05:07 Tree of Ages
05:08 Tree of Ages
05:08 Tree of Ages
07:44 Moon Well
07:50 Hunter's Hall
08:10 Ancient of Wind
08:13 Ancient of Wind
10:17 Tree of Life
10:34 Moon Well
IndigoChildren (
orange | 48 APM | 1959 actions | 40:27)
6 Archmage
3 Summon Water Elemental
2 Brilliance Aura
1 Mass Teleport
» actions
| Assign group hotkey | 129 | |
| Basic commands | 273 | |
| Build / train | 78 | |
| Enter build submenu | 27 | |
| Enter hero's abilities submenu | 6 | |
| Give item / drop item | 7 | |
| Remove unit from queue | 5 | |
| Right click | 899 | |
| Select / deselect | 359 | |
| Select group hotkey | 109 | |
| Use ability | 67 | |
1959 total
» units
| Peasant | 12 | |
| Footman | 1 | |
| Rifleman | 16 | |
| Mortar Team | 12 | |
41 total
» upgrades
| Gunpowder | 3 | |
| Lumber Harvesting | 2 | |
| Long Rifles | 1 | |
| Armor | 3 | |
| Masonry | 2 | |
| Animal War Training | 1 | |
| Fragmentation Shards | 1 | |
13 total
» buildings
| Farm | 7 | |
| Altar of Kings | 1 | |
| Barracks | 1 | |
| Lumber Mill | 2 | |
| Blacksmith | 1 | |
| Keep | 1 | |
| Arcane Vault | 1 | |
| Town Hall | 1 | |
| Scout Tower | 5 | |
| Castle | 1 | |
| Guard Tower | 1 | |
| Workshop | 6 | |
28 total
» build order
00:56 Farm
01:19 Altar of Kings
01:24 Barracks
01:37 Farm
01:38 Farm
01:52 Lumber Mill
02:00 Blacksmith
02:12 Farm
02:13 Farm
03:20 Farm
04:10 Farm
05:27 Keep
07:47 Arcane Vault
09:02 Town Hall
09:08 Scout Tower
09:09 Scout Tower
09:09 Scout Tower
09:10 Scout Tower
09:14 Scout Tower
11:08 Castle
11:15 Guard Tower
11:23 Lumber Mill
26:22 Workshop
26:22 Workshop
26:23 Workshop
26:23 Workshop
26:24 Workshop
26:25 Workshop
» items
| Scroll of Town Portal | 1 | |
| Scroll of Regeneration | 2 | |
| Potion of Healing | 1 | |
| Periapt of Vitality | 1 | |
| Staff of Teleportation | 1 | |
| Potion of Lesser Invulnerability | 1 | |
| Scroll of Protection | 1 | |
| Scroll of Healing | 1 | |
9 total
dont-do-it-agai (
purple | 53 APM | 2539 actions | 47:56)
9 Archmage
3 Summon Water Elemental
3 Brilliance Aura
2 Mass Teleport
1 Blizzard
» actions
| Assign group hotkey | 62 | |
| Basic commands | 67 | |
| Build / train | 108 | |
| Enter build submenu | 33 | |
| Enter hero's abilities submenu | 8 | |
| Give item / drop item | 11 | |
| Remove unit from queue | 1 | |
| Right click | 812 | |
| Select / deselect | 390 | |
| Select group hotkey | 791 | |
| Use ability | 256 | |
2539 total
» units
| Peasant | 16 | |
| Footman | 6 | |
| Gryphon Rider | 6 | |
| Sorceress | 1 | |
29 total
» upgrades
| Swords | 3 | |
| Lumber Harvesting | 2 | |
| Masonry | 3 | |
| Animal War Training | 1 | |
| Armor | 2 | |
| Sorceress Training | 2 | |
| Priest Training | 2 | |
15 total
» buildings
| Altar of Kings | 1 | |
| Barracks | 1 | |
| Farm | 12 | |
| Scout Tower | 4 | |
| Arcane Tower | 1 | |
| Arcane Vault | 15 | |
| Keep | 1 | |
| Lumber Mill | 1 | |
| Blacksmith | 24 | |
| Castle | 2 | |
| Gryphon Aviary | 4 | |
| Town Hall | 3 | |
| Guard Tower | 1 | |
| Arcane Sanctum | 3 | |
73 total
» build order
00:08 Altar of Kings
00:22 Barracks
00:37 Farm
00:53 Farm
01:37 Scout Tower
01:44 Farm
02:05 Arcane Tower
02:12 Farm
02:41 Arcane Vault
02:58 Farm
03:51 Keep
04:41 Lumber Mill
04:44 Blacksmith
04:46 Farm
04:47 Farm
04:47 Farm
06:34 Castle
06:35 Castle
06:38 Gryphon Aviary
07:18 Gryphon Aviary
10:56 Town Hall
10:59 Scout Tower
11:00 Scout Tower
11:01 Scout Tower
11:58 Guard Tower
12:45 Town Hall
13:47 Gryphon Aviary
13:49 Gryphon Aviary
13:50 Farm
13:50 Farm
26:37 Town Hall
28:06 Arcane Sanctum
28:06 Arcane Sanctum
28:08 Arcane Sanctum
30:45 Blacksmith
30:47 Blacksmith
30:49 Blacksmith
30:50 Blacksmith
30:54 Blacksmith
30:57 Blacksmith
30:59 Blacksmith
31:01 Blacksmith
31:04 Blacksmith
31:05 Blacksmith
31:07 Blacksmith
31:08 Blacksmith
31:20 Blacksmith
31:22 Blacksmith
31:36 Blacksmith
31:57 Blacksmith
32:11 Blacksmith
32:13 Blacksmith
32:17 Blacksmith
32:19 Blacksmith
32:58 Blacksmith
33:00 Blacksmith
33:02 Blacksmith
33:49 Arcane Vault
33:51 Arcane Vault
33:52 Arcane Vault
33:53 Arcane Vault
33:54 Arcane Vault
33:55 Arcane Vault
34:01 Arcane Vault
34:02 Arcane Vault
34:04 Arcane Vault
34:06 Arcane Vault
34:07 Arcane Vault
34:54 Arcane Vault
37:45 Arcane Vault
37:46 Arcane Vault
» items
| Scroll of Regeneration | 2 | |
| Lesser Clarity Potion | 2 | |
| Staff of Teleportation | 1 | |
| Potion of Healing | 1 | |
| Scroll of Town Portal | 2 | |
| Mechanical Critter | 25 | |
| Staff of Sanctuary | 1 | |
| Potion of Lesser Invulnerability | 1 | |
| Potion of Invisibility | 1 | |
| Boots of Speed | 1 | |
| Periapt of Vitality | 1 | |
| Tome of Retraining | 1 | |
39 total
Chat log
(00:05 / Allies) ScottAnderson-: hunt dyr tal
(00:07 / Allies) Bnets-Pimp: units
(00:09 / Allies) Bnets-Pimp: nice
(00:13 / Allies) E-L-V-N-HATE375: grphys
(00:22 / Allies) WAITFORMENIG: I'll get air you guys get melee
(00:25 / Allies) ScottAnderson-: dun worry new acc
(00:29 / Allies) WAITFORMENIG: I am going gryphons
(00:34 / Allies) Bnets-Pimp: knights
(00:59 / Allies) Bnets-Pimp: heros all
(01:07 / Allies) ScottAnderson-: beastmaster tavern
(01:49 / Allies) Bnets-Pimp: mk
(01:57 / Allies) WAITFORMENIG: am and gryphons
(02:01 / Allies) Bnets-Pimp: knights preist
(02:24 / Allies) Bnets-Pimp: cc?
(02:30 / Allies) E-L-V-N-HATE375: yes
(03:02 / Allies) ScottAnderson-: fuck!
(03:06 / Allies) ScottAnderson-: dfjgkhrtfkyugj
(03:11 / Allies) Bnets-Pimp: pit lol
(03:17 / Allies) ScottAnderson-: eh
(05:09 / Allies) E-L-V-N-HATE375: there rushing
(05:18 / Allies) E-L-V-N-HATE375: abck
(05:31 / Allies) Bnets-Pimp: towa
(05:39 / Allies) WAITFORMENIG: clan towa is dead
(06:23 / Allies) Bnets-Pimp: blue
(07:06 / Allies) ScottAnderson-: blue dude
(07:08 / Allies) ScottAnderson-: cmon
(07:32 / Allies) ScottAnderson-: stay
(07:34 / Allies) E-L-V-N-HATE375: blue wtf
(07:35 / Allies) WAITFORMENIG: not over yet
(07:44 / Allies) E-L-V-N-HATE375: why didnt u tp
(07:47 / Allies) ScottAnderson-: cancle keep
(07:49 / Allies) WAITFORMENIG: I needed defend
(07:57 / Allies) ScottAnderson-: cancel keep!
(08:00 / Allies) Bnets-Pimp: cancel upgrade
(08:02 / Allies) E-L-V-N-HATE375: tpnow
(08:04 / Allies) ScottAnderson-: sigh
(08:19 / Allies) E-L-V-N-HATE375: fucking noobs
(08:26 / Allies) ScottAnderson-: stay
(08:29 / Allies) WAITFORMENIG: not over yet
(08:30 / Allies) WAITFORMENIG: stay
(08:35 / Allies) ScottAnderson-: need melee
(08:38 / Allies) ScottAnderson-: dyrads here
(09:42 / Allies) Bnets-Pimp: i coulda used pnks lumber:(
(09:58 / Allies) ScottAnderson-: i got u
(10:02 / Allies) Bnets-Pimp: thanks brah
(10:06 / Allies) ScottAnderson-: np man
(10:40 / Allies) ScottAnderson-: got 200 gold?
(10:51 / Allies) ScottAnderson-: ty
(11:02 / All) WAITFORMENIG: I got the Captain America helm
(12:27 / All) IndigoChildren: hahahahah teal you fucking faggot!
(12:31 / All) ScottAnderson-: eh
(12:38 / All) IndigoChildren: YOU LOSE YOUR BASE NOW LOL
(12:53 / All) ScottAnderson-: i got a nub player and a leaver and a ok teamate so stfu
(13:05 / All) IndigoChildren: you suck
(13:09 / All) ScottAnderson-: 1v1
(13:11 / All) ScottAnderson-: foo
(13:14 / All) IndigoChildren: why waste my time LOL
(14:04 / All) Bnets-Pimp: blue ftl
(14:11 / All) IndigoChildren: blue is your best palyer son
(14:18 / All) WAITFORMENIG: I just got a level 5 PotM for footies I needed rid of anyway
(14:19 / All) WAITFORMENIG: Good trade
(14:20 / All) IndigoChildren: you teal and pink were shit
(14:29 / All) Bnets-Pimp: lmao
(14:37 / All) WAITFORMENIG: Even they agree that I was the MVP of this team
(17:04 / All) WAITFORMENIG: lvl 5 tyvm
(17:32 / All) ATM_PLZ: lol
(17:34 / All) ATM_PLZ: nice one
(17:35 / All) ATM_PLZ: purple
(17:40 / All) WAITFORMENIG: gg
(17:41 / All) WAITFORMENIG: leave
(17:57 / All) dont-do-it-agai: 4-1 now red
(17:59 / All) dont-do-it-agai: i warned u red
(18:02 / All) dont-do-it-agai: u take this too seriously
(18:04 / All) ATM_PLZ: whooo i care
(18:08 / All) dont-do-it-agai: yes u do
(18:18 / All) dont-do-it-agai: i have stabbed in thousands of 4v4rt games, when pple say they dont care, it means they do
(19:04 / All) ATM_PLZ: blue stay
(19:16 / All) dont-do-it-agai: we'll fuck u up blue u faggot
(19:17 / All) WAITFORMENIG: Do you not realise what is going on yet?
(19:17 / All) dont-do-it-agai: u suck ass
(19:47 / All) WAITFORMENIG: I won this 1v4
(19:49 / All) WAITFORMENIG: You lost buddy
(20:14 / All) dont-do-it-agai: ill let u live
(20:15 / All) dont-do-it-agai: for now red
(20:19 / All) ATM_PLZ: lolz
(20:24 / All) ATM_PLZ: im better than both u combined
(20:35 / All) WAITFORMENIG: Is that why you lost to me 1v4?
(20:37 / All) dont-do-it-agai: my brother is kodos_forsaken, top solo player on east, i beg ur pardon red
(20:45 / All) ATM_PLZ: u a fan of his?
(20:50 / All) dont-do-it-agai: hes my brother
(20:52 / All) ATM_PLZ: nerd boy
(20:54 / All) dont-do-it-agai: a fan?
(21:04 / All) IndigoChildren: Purple's a faggot
(21:07 / All) IndigoChildren: Sycophant
(21:10 / All) IndigoChildren: But I tolerate him anyway
(21:40 / All) ATM_PLZ: lolz
(22:15 / All) dont-do-it-agai: ur cunning red
(22:18 / All) dont-do-it-agai: ill give u that
(22:28 / All) ATM_PLZ: oj lucky he has mass tp
(22:33 / All) WAITFORMENIG: was red a bser?
(22:42 / All) dont-do-it-agai: really? i bet oj is unlucky he has 12k gold
(22:44 / All) ATM_PLZ: no purple tried
(22:45 / All) dont-do-it-agai: and me 8k
(23:00 / All) ATM_PLZ: he tried to kill me
(23:03 / All) ATM_PLZ: cause he jeaslous
(23:09 / All) IndigoChildren: lol
(23:19 / All) ATM_PLZ: blue just tank them
(23:22 / All) ATM_PLZ: wtf u waiting for
(23:25 / All) dont-do-it-agai: if i were u red, i would be embarassed
(23:30 / All) ATM_PLZ: because
(23:35 / All) ATM_PLZ: im not a nerd
(23:36 / All) WAITFORMENIG: how do you get tanks?
(23:41 / All) WAITFORMENIG: i only thought theres siege engines
(23:48 / All) ATM_PLZ: get air attack u fool
(23:55 / All) WAITFORMENIG: but i dont see tanks anywhere
(23:57 / All) WAITFORMENIG: just siegers
(24:22 / All) ATM_PLZ: oj is pretty good at mass tp
(25:23 / All) ATM_PLZ: blue shackle hjim???
(25:27 / All) WAITFORMENIG: LOL noob
(25:29 / All) WAITFORMENIG: free XP
(25:31 / All) WAITFORMENIG: what a scrub
(25:59 / All) WAITFORMENIG: nooooob
(26:01 / All) WAITFORMENIG: u suck
(26:07 / All) ATM_PLZ: kill his expos??
(26:08 / All) dont-do-it-agai: green is still here
(26:40 / All) ATM_PLZ: blue go kill purpe expos
(26:46 / All) WAITFORMENIG: wat
(27:23 / All) ATM_PLZ: i lke
(27:45 / All) ATM_PLZ: one more top roght
(28:17 / All) dont-do-it-agai: no idea how red is 4-0
(28:21 / All) dont-do-it-agai: he sucks
(28:32 / All) WAITFORMENIG: lol wat a noob
(28:33 / All) ATM_PLZ: i beat your hacking bro all the time
(28:55 / All) dont-do-it-agai: kodos loses on purpose, he has to, if he wants to find games
(28:58 / All) dont-do-it-agai: any idiot would know this
(28:59 / All) ATM_PLZ: sure
(29:00 / All) dont-do-it-agai: if ur good u hae to lose
(29:05 / All) ATM_PLZ: he sucks and hacks
(29:16 / All) ATM_PLZ: pretty sad combo
(29:29 / All) dont-do-it-agai: ur jealous his lil bro > u
(29:44 / All) ATM_PLZ: 10000
(29:58 / All) ATM_PLZ: u have 14
(30:11 / All) ATM_PLZ: blue go kill expo
(30:14 / All) ATM_PLZ: above yours
(30:15 / All) ATM_PLZ: wtf
(30:22 / All) ATM_PLZ: green
(30:26 / All) ATM_PLZ: gonna watch heat game
(30:30 / All) ATM_PLZ: use my towers against purple
(30:37 / All) ATM_PLZ: blue go hit base above yours
(31:09 / All) ATM_PLZ: blue
(31:12 / All) ATM_PLZ: u want to win or no
(31:37 / All) WAITFORMENIG: yes
(31:43 / All) ATM_PLZ: go hit the base above your
(31:44 / All) WAITFORMENIG: I spent last 10 mins making and eating hotdogs
(31:45 / All) ATM_PLZ: youts
(31:47 / All) WAITFORMENIG: barely playing theg ame
(31:52 / All) WAITFORMENIG: where
(31:59 / All) ATM_PLZ: right above your expo
(32:03 / All) WAITFORMENIG: I have 4 expos
(32:06 / All) WAITFORMENIG: be more clear
(32:11 / All) ATM_PLZ: u only have 1
(32:18 / All) ATM_PLZ: but wahatever gonna watch the heat
(32:20 / All) WAITFORMENIG: no, I have one at mid left, one at top mid, and two in the mid
(32:20 / All) ATM_PLZ: peace
(32:30 / All) WAITFORMENIG: watch replay, I got 4
(32:36 / All) WAITFORMENIG: if you forgot to save it I will upload it at highper.ch
(38:44 / All) WAITFORMENIG: I got 5 expos now
(40:26 / All) IndigoChildren: I'll be on MSN, gentlemen.
(40:47 / All) WAITFORMENIG: This is the highest amount of expos I think I have ever had on Battlegrounds
(40:56 / All) WAITFORMENIG: I have more expos than there are on the map, since I have main bases
(41:55 / All) WAITFORMENIG: almost 20k gold
(42:03 / All) dont-do-it-agai: 32k here
(42:19 / All) WAITFORMENIG: damn
(45:16 / All) WAITFORMENIG: Farm? A slaughterhouse now
(45:23 / All) dont-do-it-agai: animal farm
(45:27 / All) WAITFORMENIG: What animals?